TOP OF THE 1ST |
Newark Bulldogs batting - Pitching for Butler White Sox : LHP Francisco Rodríguez
|
Pitching: LHP Francisco Rodríguez
|
|
Batting: RHB José Casillán
|
0-0: Ball 1-0: Ball 2-0: Swinging Strike 2-1: Called Strike 2-2: Ground out 6-3 (Groundball, 6)
|
Batting: RHB Denver Baker
|
0-0: Ball 1-0: Called Strike 1-1: Swinging Strike 1-2: Strikes out swinging
|
Batting: RHB Francisco Domínguez
|
0-0: Swinging Strike 0-1: Ball 1-1: Ball 2-1: Foul Ball, location: 2F 2-2: Ball 3-2: Strikes out looking
|
Top of the 1st over - 0 runs, 0 hits, 0 errors, 0 left on base; Newark 0 - Butler 0 |
BOTTOM OF THE 1ST |
Butler White Sox batting - Pitching for Newark Bulldogs : RHP Carl Rojas
|
Pitching: RHP Carl Rojas
|
|
Batting: RHB Luis Fuentes
|
0-0: Ball 1-0: Ground out 6-3 (Groundball, 6)
|
Batting: LHB Sam Haynes
|
0-0: SINGLE (Line Drive, 4MD)
|
Batting: SHB Ben Marks
|
0-0: Ball 1-0: Ball 2-0: Called Strike 2-1: Foul Ball, location: 2F 2-2: Foul Ball, location: 2F 2-2: Strikes out swinging
|
Batting: LHB Jim Knight
|
0-0: Called Strike Sam Haynes is caught stealing 2nd base
|
Bottom of the 1st over - 0 runs, 1 hit, 0 errors, 0 left on base; Newark 0 - Butler 0 |
TOP OF THE 2ND |
Newark Bulldogs batting - Pitching for Butler White Sox : LHP Francisco Rodríguez
|
Batting: RHB Jesús Solís
|
0-0: Foul Ball, location: 2F 0-1: Ball 1-1: Called Strike 1-2: Strikes out swinging
|
Batting: RHB Ben Kearley
|
0-0: Swinging Strike 0-1: Called Strike 0-2: Ball 1-2: Ball 2-2: Foul Ball, location: 2F 2-2: Strikes out swinging
|
Batting: RHB Bill Bourland
|
0-0: Called Strike 0-1: Ground out 4-3 (Groundball, 4M)
|
Top of the 2nd over - 0 runs, 0 hits, 0 errors, 0 left on base; Newark 0 - Butler 0 |
BOTTOM OF THE 2ND |
Butler White Sox batting - Pitching for Newark Bulldogs : RHP Carl Rojas
|
Batting: LHB Jim Knight
|
0-0: Ground out 6-3 (Groundball, 6)
|
Batting: LHB Josh Pérez
|
0-0: Ball 1-0: Foul Ball, location: 2F 1-1: Ball 2-1: Ball 3-1: Foul Ball, location: 2F 3-2: Fly out, F7 (Flyball, 7S)
|
Batting: SHB Giel Molendijk
|
0-0: Called Strike 0-1: Fly out, F9 (Line Drive, 9)
|
Bottom of the 2nd over - 0 runs, 0 hits, 0 errors, 0 left on base; Newark 0 - Butler 0 |
TOP OF THE 3RD |
Newark Bulldogs batting - Pitching for Butler White Sox : LHP Francisco Rodríguez
|
Batting: LHB Will O'Dell
|
0-0: Ball 1-0: Swinging Strike 1-1: Swinging Strike 1-2: Ground out 4-3 (Groundball, 34)
|
Batting: RHB Edgardo Hernández
|
0-0: Ball 1-0: Ball 2-0: Called Strike 2-1: Ground out 4-3 (Groundball, 4)
|
Batting: RHB Noah Sturges
|
0-0: Ball 1-0: Fly out, F9 (Flyball, 89S)
|
Top of the 3rd over - 0 runs, 0 hits, 0 errors, 0 left on base; Newark 0 - Butler 0 |
BOTTOM OF THE 3RD |
Butler White Sox batting - Pitching for Newark Bulldogs : RHP Carl Rojas
|
Batting: RHB Ángel Serrano
|
0-0: Ball 1-0: Ball 2-0: Ball 3-0: Called Strike 3-1: Swinging Strike 3-2: Base on Balls
|
Batting: RHB Jerry Moore
|
0-0: Called Strike 0-1: Fly out, F9 (Flyball, 9)
|
Batting: LHB Denny Allen
|
0-0: Ball 1-0: Called Strike 1-1: Ball 2-1: Ball 3-1: Base on Balls Ángel Serrano to second
|
Batting: RHB Luis Fuentes
|
0-0: Swinging Strike 0-1: Fielders Choice at 2nd, 4-6 (Groundball, 4MD) Ángel Serrano to third
|
Batting: LHB Sam Haynes
|
0-0: Called Strike 0-1: Foul Ball, location: 2F 0-2: DOUBLE (Line Drive, 89D) Ángel Serrano scores Luis Fuentes to third Runner from 3rd tries for Home, SAFE, no throw
|
Batting: SHB Ben Marks
|
0-0: SINGLE (Line Drive, 56D) Sam Haynes to third Runner from 3rd tries for Home, SAFE, no throw
|
Batting: LHB Jim Knight
|
0-0: Called Strike 0-1: Ball 1-1: Foul Ball, location: 2F 1-2: Foul Ball, location: 2F 1-2: Ball 2-2: Ball 3-2: Foul Ball, location: 2F 3-2: Base on Balls Ben Marks to second
|
Batting: LHB Josh Pérez
|
0-0: Ball 1-0: Foul Ball, location: 2F 1-1: Fielders Choice at 2nd, 6-4 (Groundball, 6D)
|
Bottom of the 3rd over - 3 runs, 2 hits, 0 errors, 2 left on base; Newark 0 - Butler 3 |
TOP OF THE 4TH |
Newark Bulldogs batting - Pitching for Butler White Sox : LHP Francisco Rodríguez
|
Batting: RHB José Casillán
|
0-0: Called Strike 0-1: Ball 1-1: Foul Ball, location: 2F 1-2: DOUBLE (Line Drive, 78D)
|
Batting: RHB Denver Baker
|
0-0: Called Strike 0-1: Swinging Strike 0-2: Ball 1-2: Ball 2-2: Foul Ball, location: 2F 2-2: Ball 3-2: Foul Ball, location: 2F 3-2: Base on Balls
|
Batting: RHB Francisco Domínguez
|
0-0: Swinging Strike 0-1: Ball 1-1: Foul Ball, location: 2F 1-2: Ball 2-2: Foul Ball, location: 2F 2-2: 3-RUN HOME RUN (Flyball, 78XD), Distance : 392 ft
|
Batting: RHB Jesús Solís
|
0-0: Swinging Strike 0-1: Ground out 6-3 (Groundball, 6)
|
Batting: RHB Ben Kearley
|
0-0: Called Strike 0-1: Ball 1-1: Swinging Strike 1-2: Fly out, F9 (Line Drive, 89D)
|
Batting: RHB Bill Bourland
|
0-0: Foul Ball, location: 2F 0-1: Ball 1-1: Ground out 6-3 (Groundball, 6)
|
Top of the 4th over - 3 runs, 2 hits, 0 errors, 0 left on base; Newark 3 - Butler 3 |
BOTTOM OF THE 4TH |
Butler White Sox batting - Pitching for Newark Bulldogs : RHP Carl Rojas
|
Batting: SHB Giel Molendijk
|
0-0: Ball 1-0: Foul Ball, location: 2F 1-1: Swinging Strike 1-2: Ball 2-2: Foul Ball, location: 2F 2-2: Ball 3-2: Foul Ball, location: 2F 3-2: SINGLE (Groundball, 4MD)
|
Batting: RHB Ángel Serrano
|
0-0: Ball 1-0: Fly out, F9 (Flyball, 9)
|
Batting: RHB Jerry Moore
|
0-0: Called Strike 0-1: Ball 1-1: Ball 2-1: Swinging Strike 2-2: Foul Ball, location: 2F 2-2: Ball 3-2: Foul Ball, location: 2F 3-2: Base on Balls Giel Molendijk to second
|
Batting: LHB Denny Allen
|
0-0: Called Strike 0-1: Ball 1-1: Fly out, F7 (Flyball, 7LS)
|
Batting: RHB Luis Fuentes
|
0-0: Ball 1-0: Ball 2-0: Ball 3-0: Called Strike 3-1: Base on Balls Giel Molendijk to third Jerry Moore to second
|
Batting: LHB Sam Haynes
|
0-0: Ball 1-0: Ball 2-0: Foul Ball, location: 2F 2-1: Swinging Strike 2-2: Strikes out swinging
|
Bottom of the 4th over - 0 runs, 1 hit, 0 errors, 3 left on base; Newark 3 - Butler 3 |
TOP OF THE 5TH |
Newark Bulldogs batting - Pitching for Butler White Sox : LHP Francisco Rodríguez
|
Batting: LHB Will O'Dell
|
0-0: Reached on error, E3 (Groundball, 34S)
|
Batting: RHB Edgardo Hernández
|
0-0: Ball 1-0: Ball 2-0: Hit by Pitch Will O'Dell to second
|
Batting: RHB Noah Sturges
|
0-0: Swinging Strike 0-1: Ball 1-1: Swinging Strike 1-2: Foul Ball, location: 2F 1-2: Strikes out looking
|
Batting: RHB José Casillán
|
0-0: Foul Ball, location: 2F 0-1: Ball 1-1: Ball 2-1: SINGLE (Groundball, 34D) Will O'Dell to third Edgardo Hernández to second Runner from 3rd tries for Home, SAFE, throw made at trailing runner, OUT at third!
|
Batting: RHB Denver Baker
|
0-0: Ball 1-0: Called Strike José Casillán steals 2nd base 1-1: Ball 2-1: Called Strike 2-2: Ball 3-2: Strikes out looking
|
Top of the 5th over - 1 run, 1 hit, 1 error, 1 left on base; Newark 4 - Butler 3 |
BOTTOM OF THE 5TH |
Butler White Sox batting - Pitching for Newark Bulldogs : RHP Carl Rojas
|
Batting: SHB Ben Marks
|
0-0: Called Strike 0-1: Ball 1-1: Ball 2-1: Ball 3-1: Called Strike 3-2: Strikes out swinging
|
Batting: LHB Jim Knight
|
0-0: SINGLE (Line Drive, 9LS)
|
Batting: LHB Josh Pérez
|
0-0: Hit by Pitch Jim Knight to second
|
Batting: SHB Giel Molendijk
|
0-0: Foul Ball, location: 2F 0-1: 3-RUN HOME RUN (Flyball, 89XD), Distance : 414 ft
|
Batting: RHB Ángel Serrano
|
0-0: Called Strike 0-1: Ball 1-1: Swinging Strike 1-2: Ball 2-2: Foul Ball, location: 2F 2-2: Ball 3-2: Foul Ball, location: 2F 3-2: Ground out 4-3 (Groundball, 4M)
|
Batting: RHB Jerry Moore
|
0-0: Fly out, F7 (Flyball, 78D)
|
Bottom of the 5th over - 3 runs, 2 hits, 0 errors, 0 left on base; Newark 4 - Butler 6 |
TOP OF THE 6TH |
Newark Bulldogs batting - Pitching for Butler White Sox : LHP Francisco Rodríguez
|
Batting: RHB Francisco Domínguez
|
0-0: Ball 1-0: Hit by Pitch
|
Batting: RHB Jesús Solís
|
0-0: Ball 1-0: Ball 2-0: Called Strike 2-1: Foul Ball, location: 2F 2-2: Hit by Pitch Francisco Domínguez to second
|
Batting: RHB Ben Kearley
|
0-0: Ball 1-0: Foul Ball, location: 2F 1-1: Fly out, F7 (Flyball, 7LM)
|
Batting: RHB Bill Bourland
|
0-0: Ball 1-0: Ball 2-0: Called Strike 2-1: Called Strike 2-2: Strikes out looking
|
Batting: LHB Will O'Dell
|
0-0: SINGLE (Groundball, 3D) Francisco Domínguez to third Jesús Solís to second Runner from 3rd tries for Home, throw and OUT!
|
Top of the 6th over - 0 runs, 1 hit, 0 errors, 2 left on base; Newark 4 - Butler 6 |
BOTTOM OF THE 6TH |
Butler White Sox batting - Pitching for Newark Bulldogs : RHP Carl Rojas
|
Pitching: LHP Josh Wall
|
|
Batting: LHB Denny Allen
|
0-0: Called Strike 0-1: Ball 1-1: Foul Ball, location: 2F 1-2: Ball 2-2: Strikes out looking
|
Batting: RHB Luis Fuentes
|
0-0: Ground out 4-3 (Groundball, 4)
|
Batting: LHB Sam Haynes
|
0-0: Ball 1-0: Ball 2-0: Called Strike 2-1: Foul Ball, location: 2F 2-2: Ball 3-2: Hit by Pitch
|
Batting: SHB Ben Marks
|
0-0: Ball Wild Pitch! Sam Haynes to second 1-0: Foul Ball, location: 2F 1-1: Ball 2-1: Swinging Strike 2-2: Ball 3-2: Fly out, F9 (Flyball, 89D)
|
Bottom of the 6th over - 0 runs, 0 hits, 0 errors, 1 left on base; Newark 4 - Butler 6 |
TOP OF THE 7TH |
Newark Bulldogs batting - Pitching for Butler White Sox : LHP Francisco Rodríguez
|
Pitching: RHP Dan Bailey
|
|
Batting: RHB Edgardo Hernández
|
0-0: Swinging Strike 0-1: Called Strike 0-2: Foul Ball, location: 2F 0-2: Ball 1-2: Foul Ball, location: 2F 1-2: Ball 2-2: Strikes out swinging
|
Batting: RHB Noah Sturges
|
0-0: Called Strike 0-1: Called Strike 0-2: Ball 1-2: DOUBLE (Line Drive, 78D)
|
Batting: RHB José Casillán
|
0-0: Called Strike 0-1: Swinging Strike 0-2: Ball 1-2: Ball 2-2: Foul Ball, location: 2F 2-2: Foul Ball, location: 2F 2-2: Ball 3-2: Base on Balls
|
Batting: RHB Denver Baker
|
0-0: Ball 1-0: SINGLE (Line Drive, 6MD) Noah Sturges to third José Casillán to second
|
Pinch Hitting: LHB Carl Hayden
|
0-0: Hit by Pitch Noah Sturges scores José Casillán to third Denver Baker to second
|
Batting: RHB Jesús Solís
|
0-0: Ball 1-0: Ball 2-0: Called Strike 2-1: SINGLE (Groundball, 6MD) José Casillán scores Denver Baker to third Carl Hayden to second
|
Batting: RHB Ben Kearley
|
0-0: Called Strike 0-1: Ball 1-1: Swinging Strike 1-2: Ball 2-2: Ball 3-2: Foul Ball, location: 2F 3-2: Grounds into fielders choice 6-2 (Groundball, 56) Carl Hayden to third Jesús Solís to second
|
Batting: RHB Bill Bourland
|
0-0: Called Strike 0-1: Ball 1-1: Ball 2-1: Ball 3-1: Base on Balls Carl Hayden scores Jesús Solís to third Ben Kearley to second
|
Pitching: LHP Francisco Ramírez
|
|
Pinch Hitting: RHB Aaron Washington
|
0-0: Swinging Strike 0-1: Ball 1-1: Hit by Pitch Jesús Solís scores Ben Kearley to third Bill Bourland to second
|
Pinch Hitting: RHB José Antonio Delgado
|
0-0: Ground out 3-1 (Groundball, 34)
|
Top of the 7th over - 4 runs, 3 hits, 0 errors, 3 left on base; Newark 8 - Butler 6 |
BOTTOM OF THE 7TH |
Butler White Sox batting - Pitching for Newark Bulldogs : LHP Josh Wall
|
Now at 3B: Aaron Washington
|
|
Now in LF: José Antonio Delgado
|
|
Now in RF: Ángel Tuzzi
|
|
Batting: LHB Jim Knight
|
0-0: Ball 1-0: Ball 2-0: Ball 3-0: Base on Balls
|
Batting: LHB Josh Pérez
|
0-0: Hit by Pitch Jim Knight to second
|
Batting: SHB Giel Molendijk
|
0-0: Ball 1-0: Foul Ball, location: 2F 1-1: Foul Ball, location: 2F 1-2: Ball 2-2: Strikes out swinging
|
Batting: RHB Ángel Serrano
|
0-0: Called Strike Jim Knight steals 3rd base Josh Pérez to second 0-1: Foul Ball, location: 2F 0-2: Ground out 5-3 (Groundball, 5L)
|
Batting: RHB Jerry Moore
|
0-0: Ball 1-0: Ball 2-0: Foul Ball, location: 2F 2-1: Foul Ball, location: 2F 2-2: Ball 3-2: Foul Ball, location: 2F 3-2: Base on Balls
|
Batting: LHB Denny Allen
|
0-0: Ball 1-0: Ball 2-0: Ball 3-0: Called Strike 3-1: Ground out 5-3 (Groundball, 5S)
|
Bottom of the 7th over - 0 runs, 0 hits, 0 errors, 3 left on base; Newark 8 - Butler 6 |
TOP OF THE 8TH |
Newark Bulldogs batting - Pitching for Butler White Sox : LHP Francisco Ramírez
|
Batting: RHB Noah Sturges
|
0-0: Ball 1-0: Ball 2-0: SINGLE (Line Drive, 56D)
|
Batting: RHB José Casillán
|
0-0: Ball 1-0: Bunted foul 1-1: Ball 2-1: Sac Bunt - play at first, batter OUT! 5-4 Noah Sturges to second
|
Batting: RHB Denver Baker
|
0-0: Intentional Walk
|
Batting: LHB Ángel Tuzzi
|
0-0: Called Strike 0-1: Ball 1-1: Foul Ball, location: 2F 1-2: Ball 2-2: Foul Ball, location: 2F 2-2: Strikes out swinging
|
Batting: RHB Jesús Solís
|
0-0: Ball 1-0: Called Strike 1-1: Ball 2-1: DOUBLE (Line Drive, 78D) Noah Sturges scores Denver Baker to third
|
Batting: RHB Ben Kearley
|
0-0: Ball 1-0: Ball 2-0: Ball 3-0: Called Strike 3-1: Foul Ball, location: 2F 3-2: Base on Balls
|
Batting: RHB Bill Bourland
|
0-0: Called Strike 0-1: Called Strike 0-2: Ball 1-2: Foul Ball, location: 2F 1-2: Fielders Choice at 2nd, 5-4 (Groundball, 56)
|
Top of the 8th over - 1 run, 2 hits, 0 errors, 3 left on base; Newark 9 - Butler 6 |
BOTTOM OF THE 8TH |
Butler White Sox batting - Pitching for Newark Bulldogs : LHP Josh Wall
|
Batting: RHB Luis Fuentes
|
0-0: Ball 1-0: SINGLE (Groundball, 4D)
|
Batting: LHB Sam Haynes
|
0-0: Foul Ball, location: 2F 0-1: Ball 1-1: Ball 2-1: Swinging Strike 2-2: Strikes out swinging
|
Batting: SHB Ben Marks
|
0-0: Called Strike 0-1: Ball 1-1: SINGLE (Groundball, 34D) Luis Fuentes to second Runner from 2nd tries for 3rd, SAFE, no throw
|
Batting: LHB Jim Knight
|
0-0: Foul Ball, location: 2F 0-1: Ground out 6-3 (Groundball, 6MS) Luis Fuentes scores Ben Marks to second
|
Batting: LHB Josh Pérez
|
0-0: Swinging Strike 0-1: Foul Ball, location: 2F 0-2: Ground out 4-3 (Groundball, 4)
|
Bottom of the 8th over - 1 run, 2 hits, 0 errors, 1 left on base; Newark 9 - Butler 7 |
TOP OF THE 9TH |
Newark Bulldogs batting - Pitching for Butler White Sox : LHP Francisco Ramírez
|
Batting: RHB Aaron Washington
|
0-0: Ball 1-0: Swinging Strike 1-1: Swinging Strike 1-2: Ball 2-2: Hit by Pitch
|
Batting: RHB José Antonio Delgado
|
0-0: Swinging Strike 0-1: Grounds into double play, 5-4-3 (Groundball, 56)
|
Batting: RHB Noah Sturges
|
0-0: Called Strike 0-1: Ball 1-1: Ball 2-1: Ball 3-1: Base on Balls
|
Batting: RHB José Casillán
|
0-0: Ball 1-0: Ball 2-0: Ball 3-0: Foul Ball, location: 2F 3-1: Swinging Strike 3-2: Strikes out swinging
|
Top of the 9th over - 0 runs, 0 hits, 0 errors, 1 left on base; Newark 9 - Butler 7 |
BOTTOM OF THE 9TH |
Butler White Sox batting - Pitching for Newark Bulldogs : LHP Josh Wall
|
Pitching: RHP Bart Brown
|
|
Batting: SHB Giel Molendijk
|
0-0: Ball 1-0: Ball 2-0: Ball 3-0: Base on Balls
|
Batting: RHB Ángel Serrano
|
0-0: Ball 1-0: Foul Ball, location: 2F 1-1: Swinging Strike 1-2: Ball 2-2: Foul Ball, location: 2F 2-2: Foul Ball, location: 2F 2-2: Foul Ball, location: 2F 2-2: Foul Ball, location: 2F 2-2: Ball 3-2: Foul Ball, location: 2F 3-2: DOUBLE (Line Drive, 7LD) Giel Molendijk to third
|
Batting: RHB Jerry Moore
|
0-0: 3-RUN HOME RUN (Flyball, 7D), Distance : 356 ft
|
Saturday, April 7th, 2018 - OOTP Baseball 18.8 Build 76
|
|